 Dungeon Crawl Stone Soup version 0.29.0-4-gdea44cf6ec (webtiles) character file.

Game seed: 6246500082605584142

12762 qw the Brawler (level 11, -4/105 HPs)
             Began as a Troll Cinder Acolyte on Aug 31, 2022.
             Was a Follower of Ignis.
             Slain by a komodo dragon (12 damage)
             ... on level 1 of the Lair of Beasts.
             The game lasted 00:05:42 (9511 turns).

qw the Brawler (Troll Cinder Acolyte)               Turns: 9511, Time: 00:05:42

Health: -4/105     AC: 20    Str: 28    XL:     11   Next: 66%
Magic:  11/11      EV:  6    Int: 10    God:    Ignis [*.....]
Gold:   417        SH: 12    Dex:  5    Spells: 12/12 levels left

rFire   + . .      SeeInvis .     - Unarmed
rCold   + . .      Faith    .   q - +0 tower shield
rNeg    . . .      Spirit   .   a - +0 acid dragon scales
rPois   +          Reflect  .   h - +1 hat
rElec   .          Harm     .   p - +2 cloak
rCorr   +          Rampage  .   (gloves unavailable)
Will    .....                   (boots unavailable)
Stlth   ..........              n - amulet of the acrobat
HPRegen 1.07/turn               l - ring of poison resistance
MPRegen 0.12/turn               c - ring of protection from cold

@: lethally poisoned (-4 -> -23), fiery-armoured
A: large, unfitting armour, claws 3, regeneration 1, shaggy fur 1, tough skin 1
a: Renounce Religion, Fiery Armour, Foxfire Swarm, Rising Flame


You were on level 1 of the Lair of Beasts.
You worshipped Ignis.
Ignis was aware of your devotion.
You visited 2 branches of the dungeon, and saw 11 of its levels.

You collected 781 gold pieces.
You spent 364 gold pieces at shops.


Innate Abilities, Weirdness & Mutations

You are too large for most types of armour.
You have claws for hands.
Your natural rate of healing is unusually fast.
You are covered in fur. (AC +1)
You have tough skin. (AC +1)


   Skills:
 - Level 6.0 Fighting
 - Level 1.1 Throwing
 - Level 3.6 Armour
 - Level 1.4 Dodging
 + Level 7.1 Shields
 - Level 15.0 Unarmed Combat
 - Level 1.0 Spellcasting
 - Level 2.1 Fire Magic


You had 12 spell levels left.
You didn't know any spells.
Your spell library contained the following spells:

 Spells                   Type           Power      Damage    Failure   Level
 Scorch                   Fire           8%         2d5       78%         2

Inventory:

Missiles
 o - 7 large rocks (quivered)
Armour
 a - +0 acid dragon scales (worn)
 h - a +1 hat (worn)
 p - a +2 cloak (worn)
 q - a +0 tower shield (worn)
Jewellery
 c - a ring of protection from cold (right claw)
 f - a ring of ice
 l - a ring of poison resistance (left claw)
 n - an amulet of the acrobat (around neck)
 r - a ring of positive energy
Scrolls
 g - a scroll of identify
 k - 4 scrolls of teleportation
 Y - 2 scrolls of brand weapon
Potions
 b - 3 potions of haste
 d - 5 potions of resistance
 e - 2 potions of heal wounds
 i - 10 potions of curing
 j - a potion of might
 m - a potion of mutation
 s - a potion of ambrosia {unknown}

Dungeon Overview and Level Annotations

Branches:
Dungeon (10/15)            Temple (0/1) D:6            Lair (1/5) D:10
    Orc: D:9-12

Altars:
Dithmenos
Gozag
Kikubaaqudgha
Makhleb
Qazlal
Sif Muna
Trog
Vehumet
Wu Jian
Zin
The Shining One

Shops:
D:8 *   D:9 *

Annotations:
D:7 3 runed translucent doors, qw's ghost, novice TrCA
Lair:1 Grum


Message History

9507 ||| Stepping ~*~*~tactically~*~*~ (outnumbered).
The komodo dragon attacks as you move away!
The komodo dragon barely misses you.
The blink frog blinks!
You mangle the komodo dragon!!
The komodo dragon is severely wounded.
The cane toad stings you.
The cane toad is burned by your cloak of flames.
The cane toad is lightly wounded.
The blink frog blinks!
The komodo dragon bites you.
The komodo dragon is burned by your cloak of flames.
The komodo dragon is severely wounded.
9509 ||| Stepping ~*~*~tactically~*~*~ (outnumbered).
The cane toad attacks as you move away! The cane toad stings you!
You are poisoned.
The cane toad poisons you!
You feel very sick. The cane toad completely misses you.
You see here a +0 leather armour.
You completely miss the komodo dragon.
The komodo dragon is severely wounded.
You feel very sick. You block the cane toad's attack.
The komodo dragon bites you but does no damage.
You block Grum's attack.
You claw the komodo dragon!
The komodo dragon is almost dead.
You feel sick.
The cane toad stings you but does no damage.
The cane toad is burned by your cloak of flames.
The cane toad is lightly wounded.
The blink frog blinks!
The komodo dragon closely misses you.
Grum hits you from afar with a -1 glaive.
The cane toad stings you!!
You are lethally poisoned!
The cane toad poisons you!
The cane toad is burned by your cloak of flames.
The cane toad is moderately wounded.
The komodo dragon bites you!
You die...

#..........~.~~.7.~###.......#
##..........~.~~..~~.....#.###
#........~~..~~7........###
#..........~~~~~..~.....#
#.......F....7.~..~.....#
#.........7~..~~~~......#
#.........ยค~.~~.).......#
#.......^##~~~~~~..######
#....(....###@Fg..~.##
##........#..ll.~%~..#
..........####....%####.F
##........## ####.......(. ...
##.#...... .. ###...... .
..... ..... ....


You could see 2 komodo dragons, Grum, a cane toad and a blink frog.

Vanquished Creatures
  A fire dragon (D:9)
  Harold (D:10)
  Joseph (D:9)
  A cane toad (Lair:1)
  Maggie (D:10)
  Psyche (D:9)
  Prince Ribbit (D:9)
  3 blink frogs (Lair:1)
  Sigmund (D:3)
  A shadow (D:9)
  3 wraiths
  23 yaks
  5 steam dragons
  Duvessa (D:7)
  2 acid dragons
  5 water moccasins
  3 ice beasts
  A black bear (D:7)
  7 orc warriors
  3 ogres
  4 centaurs
  2 wolves (Lair:1)
  5 kobold brigands
  2 gnoll sergeants
  2 necrophages
  A scorpion (D:5)
  8 wights
  Dowan (D:7)
  3 howler monkeys (D:9)
  A crimson imp (D:4)
  A jelly (D:6)
  2 hounds
  9 orc priests
  A gnoll bouda (D:9)
  2 iguanas (D:6)
  6 orc wizards
  9 gnolls
  15 adders
  7 river rats (D:6)
  A shadow imp (D:5)
  3 white imps
  2 worms (D:3)
  2 dart slugs
  57 orcs
  5 ball pythons
  5 endoplasms
  5 giant cockroaches
  5 goblins
  8 hobgoblins
  13 kobolds
  6 quokkas
  4 bats
  4 frilled lizards
  3 rats
269 creatures vanquished.

Vanquished Creatures (others)
  2 fungi (Lair:1)
2 creatures vanquished.

Grand Total: 271 creatures vanquished

Notes
Turn   | Place    | Note
-------+----------+-------------------------------------------
     0 | D:1      | qw the Troll Cinder Acolyte began the quest for the Orb.
     0 | D:1      | Reached XP level 1. HP: 22/22 MP: 1/1
     0 | D:1      | 0 ||| qw: Version: 0.1-a-97-g2dd2ca4
     0 | D:1      | 0 ||| qw: Game counter: 4644
     0 | D:1      | 0 ||| qw: Always use a shield: true
     0 | D:1      | 0 ||| qw: God list: Okawaru
     0 | D:1      | 0 ||| qw: Allow faded altars: false
     0 | D:1      | 0 ||| qw: Do Orc after D:15 true
     0 | D:1      | 0 ||| qw: Do second Lair branch before Depths: true
     0 | D:1      | 0 ||| qw: Lair rune preference: random
     0 | D:1      | 0 ||| qw: Plans: Normal
     0 | D:1      | 0 ||| PLANNING D:1-11
   149 | D:1      | Reached XP level 2. HP: 29/29 MP: 2/2
   366 | D:1      | 366 ||| Stepping ~*~*~tactically~*~*~ (stealth).
   386 | D:1      | Reached skill level 4 in Unarmed Combat
   448 | D:1      | Reached XP level 3. HP: 33/36 MP: 3/3
   541 | D:1      | 541 ||| Stepping ~*~*~tactically~*~*~ (stealth).
   753 | D:1      | 753 ||| READING 2 scrolls labelled DOMEXIRUAX.
   754 | D:1      | 754 ||| READING scroll labelled OSIEZX LANUXTATZ.
   757 | D:1      | 757 ||| READING 2 scrolls labelled SODINUD IRGHYUT.
   858 | D:1      | 858 ||| DROPPING scroll of silence.
  1141 | D:2      | 1141 ||| DRINKING 3 green potions.
  1142 | D:2      | 1142 ||| READING 2 scrolls of identify.
  1142 | D:2      | 1142 ||| IDENTIFYING cyan potion
  1145 | D:2      | 1145 ||| Stepping randomly (stuck).
  1146 | D:2      | 1146 ||| Stepping randomly (stuck).
  1147 | D:2      | 1147 ||| Stepping randomly (stuck).
  1178 | D:2      | 1178 ||| Stepping ~*~*~tactically~*~*~ (stealth).
  1183 | D:2      | 1183 ||| READING 2 scrolls of identify.
  1183 | D:2      | 1183 ||| IDENTIFYING brown potion
  1364 | D:2      | Found a faded altar of an unknown god.
  1764 | D:2      | 1764 ||| READING scroll labelled QUUVEI EKLI.
  1765 | D:2      | 1765 ||| READING 3 scrolls of identify.
  1765 | D:2      | 1765 ||| IDENTIFYING clear potion
  1766 | D:2      | 1766 ||| READING 2 scrolls of identify.
  1766 | D:2      | 1766 ||| IDENTIFYING bubbling purple potion
  1767 | D:2      | 1767 ||| DROPPING potion of invisibility.
  1768 | D:2      | 1768 ||| DROPPING potion of degeneration.
  1875 | D:3      | Found a bloodstained altar of Trog.
  1879 | D:3      | Found an opulent altar of Gozag.
  1899 | D:3      | 1899 ||| Stepping ~*~*~tactically~*~*~ (outnumbered).
  1928 | D:3      | 1928 ||| Stepping ~*~*~tactically~*~*~ (hiding).
  1932 | D:3      | Reached XP level 4. HP: 43/44 MP: 4/4
  1941 | D:3      | Reached skill level 5 in Unarmed Combat
  1947 | D:3      | 1947 ||| Stepping ~*~*~tactically~*~*~ (stealth).
  1950 | D:3      | 1950 ||| Stepping ~*~*~tactically~*~*~ (stealth).
  1960 | D:3      | 1960 ||| Stepping ~*~*~tactically~*~*~ (stealth).
  2029 | D:3      | 2029 ||| Stepping ~*~*~tactically~*~*~ (outnumbered).
  2030 | D:3      | 2030 ||| Stepping ~*~*~tactically~*~*~ (outnumbered).
  2031 | D:3      | 2031 ||| Stepping ~*~*~tactically~*~*~ (outnumbered).
  2032 | D:3      | 2032 ||| Stepping ~*~*~tactically~*~*~ (outnumbered).
  2033 | D:3      | 2033 ||| Stepping ~*~*~tactically~*~*~ (outnumbered).
  2034 | D:3      | 2034 ||| INVOKING Fiery Armour.
  2039 | D:3      | Noticed Sigmund
  2042 | D:3      | 2042 ||| Stepping ~*~*~tactically~*~*~ (outnumbered).
  2044 | D:3      | 2044 ||| Stepping ~*~*~tactically~*~*~ (outnumbered).
  2046 | D:3      | 2046 ||| Stepping ~*~*~tactically~*~*~ (outnumbered).
  2048 | D:3      | 2048 ||| Stepping ~*~*~tactically~*~*~ (outnumbered).
  2049 | D:3      | 2049 ||| Stepping ~*~*~tactically~*~*~ (outnumbered).
  2051 | D:3      | Reached XP level 5. HP: 24/50 MP: 5/5
  2051 | D:3      | 2051 ||| Stepping ~*~*~tactically~*~*~ (outnumbered).
  2061 | D:3      | Killed Sigmund
  2062 | D:3      | Reached skill level 7 in Unarmed Combat
  2062 | D:3      | Reached XP level 6. HP: 24/59 MP: 6/6
  2377 | D:3      | 2377 ||| READING scroll labelled GINTOI WYMN.
  2378 | D:3      | 2378 ||| READING scroll labelled UTEEMY ZONYST.
  2379 | D:3      | 2379 ||| DRINKING 3 fuming silvery potions.
  2380 | D:3      | 2380 ||| DRINKING 2 ruby potions.
  2381 | D:3      | 2381 ||| DROPPING potion of attraction.
  2440 | D:4      | 2440 ||| Stepping ~*~*~tactically~*~*~ (hiding).
  2477 | D:4      | 2477 ||| Stepping ~*~*~tactically~*~*~ (hiding).
  2624 | D:4      | Reached skill level 8 in Unarmed Combat
  2822 | D:4      | Found a radiant altar of Vehumet.
  2823 | D:4      | Found a burning altar of Makhleb.
  2826 | D:4      | Reached XP level 7. HP: 60/66 MP: 7/7
  2861 | D:4      | 2861 ||| INVOKING Fiery Armour.
  2864 | D:4      | 2864 ||| FLEEEEING.
  2865 | D:4      | 2865 ||| FLEEEEING.
  2866 | D:4      | 2866 ||| FLEEEEING.
  2867 | D:4      | 2867 ||| FLEEEEING.
  2868 | D:4      | 2868 ||| FLEEEEING.
  2869 | D:4      | 2869 ||| FLEEEEING.
  2875 | D:4      | Reached skill level 3 in Fighting
  2929 | D:4      | 2929 ||| Stepping ~*~*~tactically~*~*~ (stealth).
  3119 | D:4      | Found a glowing golden altar of the Shining One.
  3356 | D:4      | 3356 ||| UPGRADING to +0 cloak.
  3361 | D:4      | 3361 ||| READING scroll labelled LEUFIF YNYUSOL.
  3361 | D:4      | Identified a scroll of acquirement
  3361 | D:4      | 3361 ||| ACQUIRING +1 robe "Codiamit" {MP+9 Str+8 Int+4
                  | Dex-5}
  3361 | D:4      | Acquired the +1 robe "Codiamit" {MP+9 Str+8 Int+4 Dex-5}
  3363 | D:4      | 3363 ||| READING 3 scrolls labelled SANWAC PANO.
  3364 | D:4      | 3364 ||| READING 3 scrolls labelled BOURI BUPPUU.
  3365 | D:4      | 3365 ||| READING scroll labelled MAQUIT TIHACS.
  3366 | D:4      | 3366 ||| DROPPING 2 scrolls of amnesia.
  3367 | D:4      | 3367 ||| DROPPING 2 scrolls of fear.
  3421 | D:5      | Entered Level 5 of the Dungeon
  3505 | D:5      | Reached skill level 9 in Unarmed Combat
  3631 | D:5      | Reached skill level 1 in Dodging
  3731 | D:5      | Reached XP level 8. HP: 75/75 MP: 8/8
  3994 | D:5      | 3994 ||| READING scroll labelled CUROBOS EHEWORI.
  3995 | D:5      | 3995 ||| READING scroll labelled EHOOSYCUAST.
  3996 | D:5      | 3996 ||| READING scroll labelled KUJYFR FAWOZ.
  3997 | D:5      | 3997 ||| READING scroll labelled HIENTA PAOBRI.
  4005 | D:6      | 4005 ||| PLANNING SEWER
  4050 | D:6      | 4050 ||| Stepping ~*~*~tactically~*~*~ (stealth).
  4215 | D:6      | Found a staircase to the Ecumenical Temple.
  4527 | D:6      | 4527 ||| Stepping ~*~*~tactically~*~*~ (stealth).
  4538 | D:6      | Reached skill level 10 in Unarmed Combat
  4541 | D:6      | 4541 ||| FLEEEEING.
  4542 | D:6      | 4542 ||| FLEEEEING.
  4543 | D:6      | 4543 ||| FLEEEEING.
  4544 | D:6      | 4544 ||| FLEEEEING.
  4607 | D:6      | 4607 ||| INVOKING Fiery Armour.
  4609 | D:6      | 4609 ||| FLEEEEING.
  4610 | D:6      | 4610 ||| FLEEEEING.
  4611 | D:6      | 4611 ||| FLEEEEING.
  4612 | D:6      | 4612 ||| FLEEEEING.
  4613 | D:6      | 4613 ||| FLEEEEING.
  4614 | D:6      | 4614 ||| FLEEEEING.
  4615 | D:6      | 4615 ||| FLEEEEING.
  4616 | D:6      | 4616 ||| FLEEEEING.
  4617 | D:6      | 4617 ||| FLEEEEING.
  4618 | D:6      | 4618 ||| FLEEEEING.
  4619 | D:6      | 4619 ||| FLEEEEING.
  4620 | D:6      | 4620 ||| FLEEEEING.
  4621 | D:6      | 4621 ||| FLEEEEING.
  4622 | D:6      | 4622 ||| FLEEEEING.
  4623 | D:6      | 4623 ||| FLEEEEING.
  4624 | D:6      | 4624 ||| FLEEEEING.
  4625 | D:6      | 4625 ||| FLEEEEING.
  4626 | D:6      | 4626 ||| FLEEEEING.
  4627 | D:6      | 4627 ||| FLEEEEING.
  4628 | D:6      | 4628 ||| FLEEEEING.
  4629 | D:6      | 4629 ||| FLEEEEING.
  4630 | D:6      | 4630 ||| FLEEEEING.
  4631 | D:6      | 4631 ||| FLEEEEING.
  4632 | D:6      | 4632 ||| FLEEEEING.
  4633 | D:6      | 4633 ||| FLEEEEING.
  4634 | D:6      | 4634 ||| FLEEEEING.
  4635 | D:6      | 4635 ||| FLEEEEING.
  4636 | D:6      | 4636 ||| FLEEEEING.
  4637 | D:6      | 4637 ||| FLEEEEING.
  4638 | D:6      | 4638 ||| FLEEEEING.
  4642 | D:6      | 4642 ||| Stepping ~*~*~tactically~*~*~ (outnumbered).
  4705 | D:6      | 4705 ||| RIP SEWER
  4706 | D:6      | 4706 ||| PLANNING D:1-11
  4953 | D:6      | 4953 ||| UPGRADING to +1 hat.
  4958 | D:6      | 4958 ||| UPGRADING to ring of poison resistance.
  4959 | D:6      | 4959 ||| READING scroll labelled VUICKIOPH.
  4960 | D:6      | 4960 ||| READING 2 scrolls of identify.
  4960 | D:6      | 4960 ||| IDENTIFYING sedimented silvery potion
  4988 | D:7      | 4988 ||| Stepping ~*~*~tactically~*~*~ (stealth).
  4991 | D:7      | 4991 ||| Stepping ~*~*~tactically~*~*~ (stealth).
  5002 | D:7      | 5002 ||| Stepping ~*~*~tactically~*~*~ (hiding).
  5010 | D:7      | 5010 ||| Stepping ~*~*~tactically~*~*~ (stealth).
  5085 | D:7      | 5085 ||| Stepping ~*~*~tactically~*~*~ (stealth).
  5143 | D:7      | Found an ornate altar of the Wu Jian Council.
  5248 | D:7      | Reached skill level 11 in Unarmed Combat
  5333 | D:7      | Found a runed translucent gate.
  5338 | D:7      | Found a runed translucent gate.
  5339 | D:7      | Found a runed translucent gate.
  5340 | D:7      | Noticed qw's ghost (novice TrCA)
  5340 | D:7      | Noticed qw's ghost (novice TrCA)
  5374 | D:7      | Noticed Dowan
  5374 | D:7      | Noticed Duvessa
  5375 | D:7      | 5375 ||| Stepping ~*~*~tactically~*~*~ (hiding).
  5380 | D:7      | 5380 ||| INVOKING Fiery Armour.
  5384 | D:7      | Killed Duvessa
  5388 | D:7      | Killed Dowan
  5424 | D:7      | Reached XP level 9. HP: 82/84 MP: 9/9
  5647 | D:7      | 5647 ||| UPGRADING to +2 robe of willpower.
  5657 | D:7      | 5657 ||| DROPPING +0 robe.
  5658 | D:7      | 5658 ||| READING 2 scrolls of identify.
  5658 | D:7      | 5658 ||| IDENTIFYING metallic pink potion
  5703 | D:8      | 5703 ||| Stepping ~*~*~tactically~*~*~ (hiding).
  5710 | D:8      | 5710 ||| Stepping ~*~*~tactically~*~*~ (stealth).
  5716 | D:8      | 5716 ||| INVOKING Fiery Armour.
  5728 | D:8      | Reached skill level 12 in Unarmed Combat
  5791 | D:8      | 5791 ||| Stepping ~*~*~tactically~*~*~ (hiding).
  5909 | D:8      | 5909 ||| Stepping ~*~*~tactically~*~*~ (stealth).
  5918 | D:8      | 5918 ||| Stepping ~*~*~tactically~*~*~ (outnumbered).
  5921 | D:8      | 5921 ||| Stepping ~*~*~tactically~*~*~ (outnumbered).
  5922 | D:8      | 5922 ||| STAIRDANCE
  6037 | D:8      | 6037 ||| Stepping ~*~*~tactically~*~*~ (stealth).
  6049 | D:8      | 6049 ||| FLEEEEING.
  6050 | D:8      | 6050 ||| FLEEEEING.
  6051 | D:8      | 6051 ||| FLEEEEING.
  6052 | D:8      | 6052 ||| FLEEEEING.
  6053 | D:8      | 6053 ||| FLEEEEING.
  6054 | D:8      | 6054 ||| FLEEEEING.
  6055 | D:8      | 6055 ||| FLEEEEING.
  6056 | D:8      | 6056 ||| FLEEEEING.
  6058 | D:8      | 6058 ||| FLEEEEING.
  6059 | D:8      | 6059 ||| FLEEEEING.
  6060 | D:8      | 6060 ||| STAIRDANCE
  6133 | D:8      | 6133 ||| STAIRDANCE
  6225 | D:8      | 6225 ||| STAIRDANCE
  6428 | D:8      | Found Mebb's Assorted Antiques.
  6435 | D:8      | 6435 ||| BUYING lumpy coppery potion (26 gold).
  6435 | D:8      | Bought a lumpy coppery potion for 26 gold pieces
  6435 | D:8      | 6435 ||| BUYING runed cloak (217 gold).
  6435 | D:8      | Bought a runed cloak for 217 gold pieces
  6435 | D:8      | 6435 ||| BUYING scroll of identify (58 gold).
  6435 | D:8      | Bought a scroll of identify for 58 gold pieces
  6435 | D:8      | 6435 ||| SHOPLISTING scroll of identify (58 gold, have 30).
  6500 | D:8      | Reached skill level 13 in Unarmed Combat
  6519 | D:8      | Reached skill level 1 in Armour
  6801 | D:8      | 6801 ||| INVOKING Fiery Armour.
  6802 | D:8      | 6802 ||| Stepping ~*~*~tactically~*~*~ (outnumbered).
  6807 | D:8      | 6807 ||| Stepping ~*~*~tactically~*~*~ (outnumbered).
  6862 | D:8      | 6862 ||| Stepping ~*~*~tactically~*~*~ (stealth).
  6869 | D:8      | 6869 ||| Stepping ~*~*~tactically~*~*~ (outnumbered).
  6870 | D:8      | 6870 ||| Stepping ~*~*~tactically~*~*~ (outnumbered).
  6871 | D:8      | 6871 ||| Stepping ~*~*~tactically~*~*~ (outnumbered).
  6872 | D:8      | 6872 ||| Stepping ~*~*~tactically~*~*~ (outnumbered).
  6873 | D:8      | 6873 ||| Stepping ~*~*~tactically~*~*~ (outnumbered).
  6876 | D:8      | Reached XP level 10. HP: 82/96 MP: 10/10
  6877 | D:8      | 6877 ||| FLEEEEING.
  6878 | D:8      | 6878 ||| FLEEEEING.
  6879 | D:8      | 6879 ||| FLEEEEING.
  6880 | D:8      | 6880 ||| FLEEEEING.
  6885 | D:8      | 6885 ||| Stepping ~*~*~tactically~*~*~ (outnumbered).
  6886 | D:8      | 6886 ||| Stepping ~*~*~tactically~*~*~ (outnumbered).
  7018 | D:8      | 7018 ||| UPGRADING to +2 cloak.
  7028 | D:8      | 7028 ||| DROPPING +0 cloak.
  7029 | D:8      | 7029 ||| UPGRADING to ring of positive energy.
  7030 | D:8      | 7030 ||| READING 3 scrolls of identify.
  7030 | D:8      | 7030 ||| IDENTIFYING lumpy coppery potion
  7031 | D:8      | 7031 ||| READING 2 scrolls of identify.
  7031 | D:8      | 7031 ||| IDENTIFYING bubbling amethyst potion
  7032 | D:8      | 7032 ||| DROPPING potion of berserk rage.
  7033 | D:8      | 7033 ||| DROPPING potion of brilliance.
  7061 | D:9      | 7061 ||| INVOKING Fiery Armour.
  7064 | D:9      | Reached skill level 14 in Unarmed Combat
  7150 | D:9      | 7150 ||| FLEEEEING.
  7151 | D:9      | 7151 ||| FLEEEEING.
  7152 | D:9      | 7152 ||| FLEEEEING.
  7153 | D:9      | 7153 ||| FLEEEEING.
  7154 | D:9      | 7154 ||| FLEEEEING.
  7155 | D:9      | 7155 ||| FLEEEEING.
  7245 | D:9      | Identified the +4 dagger "Onatyaru" {flame, rElec rCorr
                  | Dex+3}
  7256 | D:9      | Reached skill level 6 in Fighting
  7408 | D:9      | 7408 ||| Stepping ~*~*~tactically~*~*~ (stealth).
  7419 | D:9      | 7419 ||| Stepping ~*~*~tactically~*~*~ (outnumbered).
  7420 | D:9      | 7420 ||| Stepping ~*~*~tactically~*~*~ (outnumbered).
  7421 | D:9      | 7421 ||| Stepping ~*~*~tactically~*~*~ (outnumbered).
  7422 | D:9      | 7422 ||| Stepping ~*~*~tactically~*~*~ (outnumbered).
  7423 | D:9      | 7423 ||| Stepping ~*~*~tactically~*~*~ (hiding).
  7425 | D:9      | 7425 ||| Stepping ~*~*~tactically~*~*~ (hiding).
  7448 | D:9      | 7448 ||| Stepping ~*~*~tactically~*~*~ (stealth).
  7461 | D:9      | 7461 ||| Stepping ~*~*~tactically~*~*~ (hiding).
  7466 | D:9      | 7466 ||| Stepping ~*~*~tactically~*~*~ (hiding).
  7466 | D:9      | Found a glowing silver altar of Zin.
  7477 | D:9      | 7477 ||| Stepping ~*~*~tactically~*~*~ (stealth).
  7479 | D:9      | 7479 ||| Stepping ~*~*~tactically~*~*~ (hiding).
  7492 | D:9      | 7492 ||| INVOKING Fiery Armour.
  7501 | D:9      | 7501 ||| Stepping ~*~*~tactically~*~*~ (stealth).
  7505 | D:9      | 7505 ||| Stepping ~*~*~tactically~*~*~ (hiding).
  7517 | D:9      | 7517 ||| FLEEEEING.
  7518 | D:9      | 7518 ||| FLEEEEING.
  7519 | D:9      | 7519 ||| FLEEEEING.
  7521 | D:9      | 7521 ||| FLEEEEING.
  7522 | D:9      | 7522 ||| FLEEEEING.
  7523 | D:9      | 7523 ||| FLEEEEING.
  7524 | D:9      | 7524 ||| FLEEEEING.
  7525 | D:9      | 7525 ||| FLEEEEING.
  7526 | D:9      | 7526 ||| FLEEEEING.
  7527 | D:9      | 7527 ||| FLEEEEING.
  7528 | D:9      | 7528 ||| FLEEEEING.
  7529 | D:9      | 7529 ||| FLEEEEING.
  7530 | D:9      | 7530 ||| FLEEEEING.
  7531 | D:9      | 7531 ||| FLEEEEING.
  7532 | D:9      | 7532 ||| FLEEEEING.
  7533 | D:9      | 7533 ||| FLEEEEING.
  7534 | D:9      | 7534 ||| FLEEEEING.
  7535 | D:9      | 7535 ||| FLEEEEING.
  7536 | D:9      | 7536 ||| FLEEEEING.
  7537 | D:9      | 7537 ||| FLEEEEING.
  7538 | D:9      | 7538 ||| FLEEEEING.
  7539 | D:9      | 7539 ||| FLEEEEING.
  7540 | D:9      | 7540 ||| FLEEEEING.
  7541 | D:9      | 7541 ||| FLEEEEING.
  7542 | D:9      | 7542 ||| FLEEEEING.
  7543 | D:9      | 7543 ||| FLEEEEING.
  7544 | D:9      | 7544 ||| FLEEEEING.
  7545 | D:9      | 7545 ||| FLEEEEING.
  7546 | D:9      | 7546 ||| FLEEEEING.
  7547 | D:9      | 7547 ||| STAIRDANCE
  7570 | D:8      | 7570 ||| UPGRADING to +0 acid dragon scales.
  7580 | D:8      | 7580 ||| DROPPING +1 robe "Codiamit" {MP+9 Str+8 Int+4
                  | Dex-5}.
  7581 | D:8      | 7581 ||| DROPPING +2 robe of willpower.
  7643 | D:9      | Noticed a fire dragon
  7644 | D:9      | 7644 ||| Stepping ~*~*~tactically~*~*~ (hiding).
  7649 | D:9      | 7649 ||| INVOKING Fiery Armour.
  7659 | D:9      | Killed a fire dragon
  7660 | D:9      | Reached skill level 3 in Armour
  7678 | D:9      | 7678 ||| FLEEEEING.
  7679 | D:9      | 7679 ||| FLEEEEING.
  7680 | D:9      | 7680 ||| FLEEEEING.
  7681 | D:9      | 7681 ||| FLEEEEING.
  7682 | D:9      | 7682 ||| FLEEEEING.
  7683 | D:9      | 7683 ||| FLEEEEING.
  7748 | D:9      | 7748 ||| Stepping ~*~*~tactically~*~*~ (stealth).
  7799 | D:9      | Noticed Prince Ribbit
  7812 | D:9      | Killed Prince Ribbit
  7813 | D:9      | Noticed Joseph
  7823 | D:9      | Killed Joseph
  7824 | D:9      | Reached XP level 11. HP: 75/105 MP: 11/11
  7827 | D:9      | Noticed Psyche
  7841 | D:9      | Killed Psyche
  7842 | D:9      | Reached skill level 15 in Unarmed Combat
  7973 | D:9      | 7973 ||| Stepping ~*~*~tactically~*~*~ (stealth).
  7975 | D:9      | 7975 ||| Stepping ~*~*~tactically~*~*~ (stealth).
  7977 | D:9      | 7977 ||| Stepping ~*~*~tactically~*~*~ (outnumbered).
  7978 | D:9      | 7978 ||| Stepping ~*~*~tactically~*~*~ (outnumbered).
  7979 | D:9      | 7979 ||| Stepping ~*~*~tactically~*~*~ (outnumbered).
  7980 | D:9      | 7980 ||| Stepping ~*~*~tactically~*~*~ (outnumbered).
  7981 | D:9      | 7981 ||| Stepping ~*~*~tactically~*~*~ (outnumbered).
  7982 | D:9      | 7982 ||| Stepping ~*~*~tactically~*~*~ (outnumbered).
  7983 | D:9      | 7983 ||| Stepping ~*~*~tactically~*~*~ (outnumbered).
  7984 | D:9      | 7984 ||| Stepping ~*~*~tactically~*~*~ (outnumbered).
  8046 | D:9      | Found a stormy altar of Qazlal.
  8157 | D:9      | Found Qoysmu's Mass Market.
  8162 | D:9      | 8162 ||| BUYING +0 tower shield (63 gold).
  8162 | D:9      | Bought a +0 tower shield for 63 gold pieces
  8231 | D:9      | 8231 ||| Stepping ~*~*~tactically~*~*~ (stealth).
  8368 | D:9      | 8368 ||| UPGRADING to +0 tower shield.
  8373 | D:9      | 8373 ||| UPGRADING to amulet of the acrobat.
  8378 | D:9      | 8378 ||| UPGRADING to ring of protection from cold.
  8400 | D:10     | Entered Level 10 of the Dungeon
  8443 | D:10     | 8443 ||| INVOKING Fiery Armour.
  8448 | D:10     | 8448 ||| Stepping ~*~*~tactically~*~*~ (outnumbered).
  8453 | D:10     | Reached skill level 1 in Shields
  8466 | D:10     | 8466 ||| Stepping ~*~*~tactically~*~*~ (hiding).
  8490 | D:10     | 8490 ||| Stepping ~*~*~tactically~*~*~ (outnumbered).
  8544 | D:10     | 8544 ||| Stepping ~*~*~tactically~*~*~ (stealth).
  8545 | D:10     | 8545 ||| Stepping ~*~*~tactically~*~*~ (stealth).
  8547 | D:10     | 8547 ||| Stepping ~*~*~tactically~*~*~ (stealth).
  8550 | D:10     | 8550 ||| Stepping ~*~*~tactically~*~*~ (stealth).
  8552 | D:10     | 8552 ||| Stepping ~*~*~tactically~*~*~ (stealth).
  8556 | D:10     | 8556 ||| Stepping ~*~*~tactically~*~*~ (outnumbered).
  8557 | D:10     | 8557 ||| Stepping ~*~*~tactically~*~*~ (outnumbered).
  8558 | D:10     | 8558 ||| Stepping ~*~*~tactically~*~*~ (outnumbered).
  8559 | D:10     | 8559 ||| Stepping ~*~*~tactically~*~*~ (outnumbered).
  8560 | D:10     | 8560 ||| Stepping ~*~*~tactically~*~*~ (outnumbered).
  8561 | D:10     | 8561 ||| Stepping ~*~*~tactically~*~*~ (outnumbered).
  8567 | D:10     | Reached skill level 3 in Shields
  8598 | D:10     | Noticed Maggie
  8599 | D:10     | 8599 ||| Stepping ~*~*~tactically~*~*~ (hiding).
  8610 | D:10     | Killed Maggie
  8644 | D:10     | 8644 ||| Stepping ~*~*~tactically~*~*~ (stealth).
  8654 | D:10     | 8654 ||| Stepping ~*~*~tactically~*~*~ (outnumbered).
  8655 | D:10     | 8655 ||| Stepping ~*~*~tactically~*~*~ (outnumbered).
  8656 | D:10     | 8656 ||| Stepping ~*~*~tactically~*~*~ (outnumbered).
  8657 | D:10     | 8657 ||| Stepping ~*~*~tactically~*~*~ (outnumbered).
  8658 | D:10     | 8658 ||| Stepping ~*~*~tactically~*~*~ (outnumbered).
  8659 | D:10     | 8659 ||| Stepping ~*~*~tactically~*~*~ (outnumbered).
  8660 | D:10     | 8660 ||| Stepping ~*~*~tactically~*~*~ (outnumbered).
  8661 | D:10     | 8661 ||| Stepping ~*~*~tactically~*~*~ (outnumbered).
  8713 | D:10     | 8713 ||| Stepping ~*~*~tactically~*~*~ (hiding).
  8724 | D:10     | Reached skill level 1 in Throwing
  8761 | D:10     | Found a staircase to the Lair.
  8775 | D:10     | 8775 ||| Stepping ~*~*~tactically~*~*~ (hiding).
  8789 | D:10     | 8789 ||| Stepping ~*~*~tactically~*~*~ (outnumbered).
  8823 | D:10     | Noticed Harold
  8825 | D:10     | 8825 ||| FLEEEEING.
  8830 | D:10     | Killed Harold
  9094 | D:10     | 9094 ||| Stepping ~*~*~tactically~*~*~ (stealth).
  9103 | D:10     | 9103 ||| Stepping ~*~*~tactically~*~*~ (outnumbered).
  9229 | D:10     | Found a shimmering blue altar of Sif Muna.
  9232 | D:10     | Found an ancient bone altar of Kikubaaqudgha.
  9235 | D:10     | Found a shadowy altar of Dithmenos.
  9258 | D:10     | 9258 ||| PLANNING LAIR
  9258 | D:10     | 9258 ||| READING 3 scrolls labelled UGUMMASOZY.
  9289 | Lair:1   | Entered Level 1 of the Lair of Beasts
  9307 | Lair:1   | 9307 ||| INVOKING Fiery Armour.
  9309 | Lair:1   | 9309 ||| Stepping ~*~*~tactically~*~*~ (outnumbered).
  9310 | Lair:1   | 9310 ||| Stepping ~*~*~tactically~*~*~ (outnumbered).
  9311 | Lair:1   | 9311 ||| Stepping ~*~*~tactically~*~*~ (outnumbered).
  9312 | Lair:1   | 9312 ||| Stepping ~*~*~tactically~*~*~ (outnumbered).
  9313 | Lair:1   | 9313 ||| Stepping ~*~*~tactically~*~*~ (outnumbered).
  9314 | Lair:1   | 9314 ||| Stepping ~*~*~tactically~*~*~ (outnumbered).
  9321 | Lair:1   | Reached skill level 6 in Shields
  9331 | Lair:1   | HP: 18/105 [yak (11)]
  9332 | Lair:1   | 9332 ||| READING 5 scrolls of teleportation.
  9333 | Lair:1   | 9333 ||| DRINKING 5 potions of heal wounds.
  9334 | Lair:1   | 9334 ||| DRINKING 4 potions of heal wounds.
  9335 | Lair:1   | 9335 ||| DRINKING 3 potions of heal wounds.
  9482 | Lair:1   | 9482 ||| INVOKING Fiery Armour.
  9484 | Lair:1   | 9484 ||| Stepping ~*~*~tactically~*~*~ (stealth).
  9493 | Lair:1   | 9493 ||| Stepping ~*~*~tactically~*~*~ (outnumbered).
  9496 | Lair:1   | Noticed Grum
  9502 | Lair:1   | 9502 ||| Stepping ~*~*~tactically~*~*~ (outnumbered).
  9503 | Lair:1   | 9503 ||| Stepping ~*~*~tactically~*~*~ (outnumbered).
  9506 | Lair:1   | 9506 ||| Stepping ~*~*~tactically~*~*~ (outnumbered).
  9507 | Lair:1   | 9507 ||| Stepping ~*~*~tactically~*~*~ (outnumbered).
  9509 | Lair:1   | 9509 ||| Stepping ~*~*~tactically~*~*~ (outnumbered).
  9511 | Lair:1   | HP: 26/105 [Grum/-1 glaive (3)]
  9511 | Lair:1   | HP: 8/105 [cane toad (18)]
  9511 | Lair:1   | Slain by a komodo dragon

Levels and vault maps discovered:
D:1:      dpeg_arrival_erosion, layout_basic, chequers_serial_rivers_small_b,
          amcnicky_mini_pool_small, st_stairs_2
D:2:      layout_loops_corners, basic_ecumenical_altar,
          minmay_misc_feat_diagonals
D:3:      layout_basic, nicolae_overflow_squiral, serial_bayou_pond_e,
          uniq_sigmund
D:4:      layout_gridville, grunt_temple_overflow_lords_of_destruction,
          marbit_many_paths, minmay_liquid_box, minmay_strange_pillars,
          minmay_misc_feat_rugged, hangedman_decor_slide_cut
D:5:      layout_gridville, kennysheep_small_square
D:6:      layout_basic, minmay_temple_entry_tees, lightli_sewer_entry_pipes,
          moated_statue
D:7:      layout_basic, nzn_wu_jian_council_hall, gammafunk_ghost_cemetery,
          uniq_duvessa
D:8:      layout_cave_pools, serial_shops, shop_statue, serial_rivers,
          chequers_serial_rivers_small_b, chequers_serial_rivers_marsh,
          chequers_serial_rivers_large_b, chequers_serial_rivers_small_a,
          chequers_serial_rivers_room_b, chequers_serial_rivers_micro_d
D:9:      layout_irregular_city, mainiacjoe_overflow_surrounded_room,
          nicolae_two_hexagons, st_stairs_4, minmay_shop_mass,
          supply_closet_lemuel, minmay_ruined_shrine, uniq_psyche,
          uniq_prince_ribbit1, uniq_joseph
D:10:     layout_roguey [special_room_orc], grunt_temple_overflow_diamond,
          lair_entry_dummy, minmay_crystal_room, uniq_harold, uniq_maggie
Lair:1:   layout_cellular_growth, serial_rivers, chequers_serial_rivers_small_b,
          chequers_serial_rivers_micro_c, chequers_serial_rivers_micro_d,
          chequers_serial_rivers_marsh, wad_woods_03, lemuel_fruit_tree,
          uniq_grum

Skill      XL: |  1  2  3  4  5  6  7  8  9 10 11 |
---------------+----------------------------------+-----
Unarmed Combat | 4 5 7 8 9 11 13 14 15 | 15.0
Fighting       | 3 4 5 6 |  6.0
Dodging        | 1 |  1.4
Armour         | 1 3 |  3.6
Shields        | 7 |  7.1
Throwing       | 1 |  1.1
Spellcasting   | |  1.0
Fire Magic     | |  2.1

Action                   |  1- 3 |  4- 6 |  7- 9 | 10-12 || total
-------------------------+-------+-------+-------+-------++-------
Melee: Unarmed           |    96 |    69 |   242 |   318 ||   725
       Punch             |     1 |     1 |    12 |     9 ||    23
Throw: Large rock        |       |       |       |    13 ||    13
Invok: Fiery Armour      |       |     1 |     5 |     6 ||    12
  Use: Scroll            |     8 |     2 |    11 |     4 ||    25
       Potion            |     1 |     2 |       |     3 ||     6
 Stab: Invisible         |       |       |       |     1 ||     1
Armor: Robe              |    24 |    20 |    60 |    40 ||   144
       Acid dragon scale |       |       |       |   103 ||   103
Dodge: Dodged            |    29 |    19 |    68 |    90 ||   206
Block: Tower shield      |       |       |       |    93 ||    93

Table legend:
 A = Non-vault XP
 B = Vault XP
 C = Vault XP percentage of total XP
 D = Non-vault monster count
 E = Vault monster count
 F = Vault count percentage of total count
                 A         B        C        D         E       F
            +---------+---------+-------+---------+---------+-------
      Total |   12247 |    5985 |  32.8 |     208 |      61 |  22.7
            +---------+---------+-------+---------+---------+-------
        D:1 |      52 |       4 |   7.1 |      22 |       2 |   8.3
        D:2 |      24 |       0 |   0.0 |       6 |       0 |   0.0
        D:3 |     129 |     231 |  64.2 |      26 |       1 |   3.7
        D:4 |     493 |      48 |   8.9 |      24 |       2 |   7.7
        D:5 |     370 |     136 |  26.9 |       9 |       1 |  10.0
        D:6 |     635 |     148 |  18.9 |      13 |      12 |  48.0
        D:7 |    1193 |     216 |  15.3 |      14 |       2 |  12.5
        D:8 |    2968 |       0 |   0.0 |      27 |       0 |   0.0
        D:9 |    1748 |    3226 |  64.9 |      35 |      12 |  25.5
       D:10 |    2179 |    1742 |  44.4 |      22 |      27 |  55.1
     Lair:1 |    2456 |     234 |   8.7 |      10 |       2 |  16.7
            +---------+---------+-------+---------+---------+-------
